 Dungeon Crawl Stone Soup version 0.31-a0-1589-g8f5e8aebd6 (webtiles) character file.

Game seed: 18427815597410775195

249 raph the Firebug (level 5, -3/29 HPs)
             Began as a Deep Elf Fire Elementalist on Jan 5, 2024.
             Was a Follower of Zin.
             Killed by divine providence
             ... invoked by an orc priest
              (13 damage)
             ... on level 3 of the Dungeon.
             The game lasted 00:07:43 (4508 turns).

raph the Firebug (Deep Elf Fire Elementalist)       Turns: 4508, Time: 00:07:44

Health: -3/29      AC:  2    Str:  5    XL:     5   Next: 86%
Magic:  8/13       EV: 13    Int: 22    God:    Zin [*.....]
Gold:   63         SH:  0    Dex: 15    Spells: 3/12 levels left

rFire   . . .        c - +0 dagger (protect)
rCold   . . .        (no shield)
rNeg    . . .        a - +0 robe
rPois   .            (no helmet)
rElec   .            (no cloak)
rCorr   .            (no gloves)
SInv    .            (no boots)
Will    .....        (no amulet)
Stlth   ++           (no ring)
HPRegen 0.24/turn    (no ring)
MPRegen 0.13/turn

%: no passive effects
@: no status effects
A: no striking features
a: Renounce Religion, Recite, Donate Gold


You were on level 3 of the Dungeon.
You worshipped Zin.
Zin was aware of your devotion.
You visited 1 branch of the dungeon, and saw 3 of its levels.

You collected 136 gold pieces.
You spent 66 gold pieces at shops.
You donated 7 gold pieces to Zin.

Inventory:

Hand Weapons
 c - a +0 dagger of protection (weapon)
 h - a +0 short sword
Missiles
 d - a throwing net
Armour
 a - a +0 robe (worn)
Talismans
 k - a storm talisman
Scrolls
 g - 2 scrolls of revelation
 j - 2 scrolls of fear
 l - a scroll of amnesia
Potions
 b - a potion of magic
 e - 3 potions of enlightenment
 f - a potion of heal wounds
 i - a potion of attraction
 m - a potion of mutation {unknown}
 n - a potion of invisibility {unknown}
 o - a potion of degeneration {unknown}


   Skills:
 + Level 1.6 Fighting
 + Level 3.6 Dodging
 + Level 3.7 Stealth
 + Level 4.0 Spellcasting
 + Level 2.5 Conjurations
 * Level 4.7 Fire Magic


You had 3 spell levels left.
You knew the following spells:

 Your Spells              Type           Power      Damage    Failure   Level
a - Foxfire               Conj/Fire      80%        2x1d8     2%          1
b - Scorch                Fire           50%        2d7       2%          2
c - Inner Flame           Hex/Fire       14%        N/A       13%         3
d - Volatile Blastmotes   Fire/Tloc      28%        2d12      13%         3

Your spell library contained the following spells:

 Spells                   Type           Power      Damage    Failure   Level
 Ensorcelled Hibernation  Hex/Ice        8%         N/A       17%         2
 Passwall                 Erth           4%         N/A       32%         3
 Swiftness                Air            4%         N/A       32%         3
 Flame Wave               Conj/Fire      20%        2d7       26%         4


Dungeon Overview and Level Annotations

Branches:
Dungeon (3/15)

Altars:
Zin

Shops:
D:2 ::?   D:3 *


Message History

j - 2 scrolls of fear (gained 1)
You open the door.
There is an open door here. 2 orc priests and 3 orcs come into view.
An orc priest is wielding a +2 trident of protection.
The orc shouts!
The orc priest shouts! x2; The orc shouts!
Activating: Recite (11% risk of failure)
Press: ? - help, Dir - look around, f - activate You fail to use your ability.
The orc priest invokes the aid of Beogh against you.
Pain shoots through your body!
Casting: Scorch (safe; 2% risk of failure)
Confirm with . or Enter, or press ? or * to list all spells.
Flames lash the orc priest.
The orc priest is moderately wounded.
The orc priest's fire resistance burns away.
The orc priest closely misses you.
Casting: Scorch (safe; 2% risk of failure)
Confirm with . or Enter, or press ? or * to list all spells.
Flames lash the orc priest.
The orc priest is burned terribly!
The orc priest is almost dead.
The orc priest mumbles some strange prayers to Beogh against you.
Beogh smites you!
Ouch! That really hurt!
The orc priest hits you from afar with a +2 trident of protection.
* * * LOW HITPOINT WARNING * * *
Casting: Scorch (safe; 2% risk of failure)
Confirm with . or Enter, or press ? or * to list all spells.
Flames lash the orc.
The orc is lightly wounded.
The orc's fire resistance burns away.
There is an open door here.
You close the door.
Okay, then.
Okay, then.
An orc opens the door.
The orc priest looks satisfied for a moment.
The orc priest mumbles some strange prayers to Beogh against you.
Beogh smites you!
You die...

#..)...# #.#.#......
######.# #.#.#......
#.####...#.#...÷
#.#......#.##...
##########.#.###....###..
#..........#......#....#.
###..........#.#.##.#.##.##
..........†..#.#.##.#.##.##
#.......@..#.#.##.#.##..#
#..........#.#.##<#.###.#
#..........#.#.####.###..
+....o.....#.#...........
#..........#.#........÷..
###'######## #.####.####.
#o# #.# #.# #.


#..ooooo. #.# #.# #. ######### #.# #.# ## You could see an orc priest
(combustible) and an orc.

Vanquished Creatures
  An iguana (D:3)
  11 gnolls
  5 adders
  2 ribbon worms
  An orc (D:3)
  9 endoplasms
  2 giant cockroaches
  A goblin (D:3)
  4 hobgoblins
  3 quokkas
  12 ball pythons
  8 bats
  3 frilled lizards (D:2)
  6 kobolds
  8 rats
76 creatures vanquished.

Vanquished Creatures (others)
  217 foxfires
217 creatures vanquished.

Grand Total: 293 creatures vanquished

Notes
Turn   | Place    | Note
-------+----------+-------------------------------------------
     0 | D:1      | raph the Deep Elf Fire Elementalist began the quest for the
                  | Orb.
     0 | D:1      | Reached XP level 1. HP: 10/10 MP: 6/6
   212 | D:1      | Reached XP level 2. HP: 15/15 MP: 4/8
   217 | D:1      | Learned a level 2 spell: Scorch
  1150 | D:2      | Found Hydacvaa's Book Shoppe.
  1171 | D:2      | Reached XP level 3. HP: 20/20 MP: 4/9
  1175 | D:2      | Learned a level 3 spell: Inner Flame
  1931 | D:2      | Found Cucw's Magic Scroll Emporium.
  1937 | D:2      | Bought a scroll of fear for 44 gold pieces
  1937 | D:2      | Bought a scroll of identify for 22 gold pieces
  2091 | D:2      | Found Myacli's Book Emporium.
  2096 | D:2      | Reached skill level 1 in Fighting
  2204 | D:2      | Reached XP level 4. HP: 21/25 MP: 5/11
  2697 | D:2      | Reached XP level 5. HP: 29/29 MP: 7/12
  2716 | D:1      | Learned a level 3 spell: Volatile Blastmotes
  3788 | D:3      | Found Zin's Purification Station.
  3791 | D:3      | Found a glowing silver altar of Zin.
  3797 | D:3      | Became a worshipper of Zin the Law-Giver
  4286 | D:3      | Reached * piety under Zin
  4508 | D:3      | Killed from afar by an orc priest

Illustrated notes

Levels and vault maps discovered:
D:1:      minmay_arrival_checkered_box, layout_loops_ring,
          minmay_splitting_lines
D:2:      layout_loops_ring, serial_shops, shop, nicolae_book_shop_shelving,
          nicolae_shop_advertising_works [nicolae_subvault_shop_adworks]
D:3:      layout_basic, zin_purify

Skill      XL: |  1  2  3  4  5 |
---------------+----------------+-----
Dodging        | 3 |  3.6
Stealth        | 3 |  3.7
Fighting       | 1 |  1.6
Fire Magic     | 4 |  4.7
Conjurations   | 2 |  2.5
Spellcasting   | 4 |  4.0

Action                     |  1- 3 |  4- 6 || total
---------------------------+-------+-------++-------
  Melee: Short sword       |     3 |       ||     3
         Dagger            |       |     1 ||     1
   Cast: Foxfire           |    43 |    84 ||   127
         Scorch            |    24 |    24 ||    48
    Use: Scroll            |     4 |     6 ||    10
   Stab: Sleeping          |     1 |       ||     1
 Armour: Robe              |     9 |    11 ||    20
  Dodge: Dodged            |     6 |    17 ||    23

Table legend: (Time is in decaauts)
 A = Elapsed time spent in this place.
 B = Non-inter-level travel time spent in this place.
 C = Inter-level travel time spent in this place.
 D = Time resting spent in this place.
 E = Time spent auto-exploring this place.
 F = Levels seen in this place.
 G = Mean time per level.
                   A        B        C        D        E       F      G
               +--------+--------+--------+--------+--------+-----+--------+
         Total |   4509 |   4291 |    218 |   1403 |   2282 |   3 | 1503.0 |
       Dungeon |   4509 |   4291 |    218 |   1403 |   2282 |   3 | 1503.0 |
               +--------+--------+--------+--------+--------+-----+--------+

Top non-repeatable levels by time:
     D:1: 1949 daAuts
     D:2: 1612 daAuts
     D:3: 946 daAuts
